TOP OF THE 1ST |
Alabama Shakes batting - Pitching for Hartford Darth Whalers : RHP Carlos Bojórquez
|
Pitching: RHP Carlos Bojórquez
|
|
Batting: SHB Esteban Aliaga
|
0-0: Ball 1-0: Called Strike 1-1: Ball 2-1: SINGLE (Flyball, 8RS)
|
Batting: LHB Arthur Guzmán
|
0-0: Ball Esteban Aliaga is caught stealing 2nd base 1-0: Ball 2-0: Ground out 3-1 (Groundball, 34)
|
Batting: RHB Michael Scott
|
0-0: Single, Error in OF, E9, batter to second base
|
Batting: LHB Edgardo Molina
|
0-0: Ground out 1-3 (Groundball, 15S)
|
Top of the 1st over - 0 run(s), 2 hit(s), 1 error(s), 1 left on base; Alabama 0 - Hartford 0 |
BOTTOM OF THE 1ST |
Hartford Darth Whalers batting - Pitching for Alabama Shakes : RHP Mario Machado
|
Pitching: RHP Mario Machado
|
|
Batting: LHB Ryan Billman
|
0-0: Ball 1-0: Foul Ball, location: 2F 1-1: Ball 2-1: Foul Ball, location: 2F 2-2: Ball 3-2: Strikes out swinging
|
Batting: RHB Chester Mullins
|
0-0: Called Strike 0-1: Ball 1-1: Swinging Strike 1-2: Ball 2-2: Strikes out swinging
|
Batting: RHB Ryan Williams
|
0-0: Ball 1-0: Ground out 5-3 (Groundball, 5)
|
Bottom of the 1st over - 0 run(s), 0 hit(s), 0 error(s), 0 left on base; Alabama 0 - Hartford 0 |
TOP OF THE 2ND |
Alabama Shakes batting - Pitching for Hartford Darth Whalers : RHP Carlos Bojórquez
|
Batting: RHB Aaron Stevens
|
0-0: Called Strike 0-1: Ball 1-1: Foul Ball, location: 2F 1-2: Strikes out looking
|
Batting: SHB Artie Adams
|
0-0: Ball 1-0: Foul Ball, location: 2F 1-1: Ground out U3 (Groundball, 34)
|
Batting: RHB Seth O'Toole
|
0-0: Called Strike 0-1: Ball 1-1: Ball 2-1: DOUBLE (Groundball, 5L)
|
Batting: RHB Joe Farrell
|
0-0: Ball 1-0: Foul Ball, location: 2F 1-1: Foul Ball, location: 2F 1-2: Foul Ball, location: 2F 1-2: Strikes out swinging
|
Top of the 2nd over - 0 run(s), 1 hit(s), 0 error(s), 1 left on base; Alabama 0 - Hartford 0 |
BOTTOM OF THE 2ND |
Hartford Darth Whalers batting - Pitching for Alabama Shakes : RHP Mario Machado
|
Batting: RHB Brad Ravenshaw
|
0-0: Called Strike 0-1: Ball 1-1: SINGLE (Line Drive, 89S)
|
Batting: RHB Ryan Thrippleton
|
0-0: Ball 1-0: Ball 2-0: Called Strike 2-1: Foul Ball, location: 2F 2-2: Strikes out looking
|
Batting: RHB Jonathan Holden
|
0-0: Ball 1-0: Swinging Strike 1-1: Ball 2-1: Called Strike 2-2: Grounds into double play, 6-4-3 (Groundball, 6)
|
Bottom of the 2nd over - 0 run(s), 1 hit(s), 0 error(s), 0 left on base; Alabama 0 - Hartford 0 |
TOP OF THE 3RD |
Alabama Shakes batting - Pitching for Hartford Darth Whalers : RHP Carlos Bojórquez
|
Batting: RHB Chris Barker
|
0-0: Ball 1-0: SINGLE (Line Drive, 56D)
|
Batting: SHB Esteban Aliaga
|
0-0: Swinging Strike 0-1: Ball 1-1: SINGLE (Line Drive, 89S) Chris Barker to second Runner from 2nd tries for 3rd, SAFE, throw made to third
|
Batting: LHB Arthur Guzmán
|
0-0: Ball 1-0: Ball 2-0: Called Strike 2-1: Fly out, F4 (Popup, 34D)
|
Batting: RHB Michael Scott
|
0-0: Called Strike 0-1: Called Strike 0-2: Ball 1-2: Strikes out swinging
|
Batting: LHB Edgardo Molina
|
0-0: Foul Ball, location: 2F 0-1: Foul Ball, location: 2F 0-2: Ball 1-2: Strikes out swinging
|
Top of the 3rd over - 0 run(s), 2 hit(s), 0 error(s), 2 left on base; Alabama 0 - Hartford 0 |
BOTTOM OF THE 3RD |
Hartford Darth Whalers batting - Pitching for Alabama Shakes : RHP Mario Machado
|
Batting: RHB Chris Osborn
|
0-0: Called Strike 0-1: Ball 1-1: Ground out 5-3 (Groundball, 5)
|
Batting: LHB Jamie Walker
|
0-0: Swinging Strike 0-1: Swinging Strike 0-2: Foul Ball, location: 2F 0-2: Strikes out swinging
|
Batting: LHB Bill Poe
|
0-0: Called Strike 0-1: Foul Ball, location: 2F 0-2: Foul Ball, location: 2F 0-2: Ball 1-2: Strikes out swinging, 2-3 out at first.
|
Bottom of the 3rd over - 0 run(s), 0 hit(s), 0 error(s), 0 left on base; Alabama 0 - Hartford 0 |
TOP OF THE 4TH |
Alabama Shakes batting - Pitching for Hartford Darth Whalers : RHP Carlos Bojórquez
|
Batting: RHB Aaron Stevens
|
0-0: Ball 1-0: Ball 2-0: Called Strike 2-1: Ball 3-1: SINGLE (Groundball, 56D)
|
Batting: SHB Artie Adams
|
0-0: Ball 1-0: Hit by Pitch Aaron Stevens to second
|
Batting: RHB Seth O'Toole
|
0-0: Foul Ball, location: 2F 0-1: Reached on error, E5 (Groundball, 5) Aaron Stevens to third Artie Adams to second
|
Batting: RHB Joe Farrell
|
0-0: Ball 1-0: Foul Ball, location: 2F 1-1: Fly out, F7 (Flyball, 78S) Throwing error, E7 Aaron Stevens scores Artie Adams to third Seth O'Toole to second
|
Batting: RHB Chris Barker
|
0-0: Fly out, F8 (Flyball, 78XD) Runner from 3rd tags up, SCORES, no throw
|
Batting: SHB Esteban Aliaga
|
0-0: Swinging Strike 0-1: Ball 1-1: Fly out, F8 (Flyball, 8LM)
|
Top of the 4th over - 2 run(s), 1 hit(s), 2 error(s), 1 left on base; Alabama 2 - Hartford 0 |
BOTTOM OF THE 4TH |
Hartford Darth Whalers batting - Pitching for Alabama Shakes : RHP Mario Machado
|
Batting: LHB Ryan Billman
|
0-0: Foul Ball, location: 2F 0-1: Ball 1-1: Ball 2-1: Ball 3-1: Swinging Strike 3-2: Foul Ball, location: 2F 3-2: Base on Balls
|
Batting: RHB Chester Mullins
|
0-0: Swinging Strike 0-1: Ball 1-1: Grounds into double play, 6-4-3 (Groundball, 56)
|
Batting: RHB Ryan Williams
|
0-0: Fly out, F4 (Line Drive, 4)
|
Bottom of the 4th over - 0 run(s), 0 hit(s), 0 error(s), 0 left on base; Alabama 2 - Hartford 0 |
TOP OF THE 5TH |
Alabama Shakes batting - Pitching for Hartford Darth Whalers : RHP Carlos Bojórquez
|
Batting: LHB Arthur Guzmán
|
0-0: Ball 1-0: Ball 2-0: SINGLE (Groundball, 6M) (infield hit)
|
Batting: RHB Michael Scott
|
0-0: Ball 1-0: Foul Ball, location: 2F 1-1: Ball 2-1: Ball 3-1: Fly out, F9 (Flyball, 89M)
|
Batting: LHB Edgardo Molina
|
0-0: Called Strike 0-1: Ball 1-1: Ball 2-1: Fly out, F7 (Flyball, 78M)
|
Batting: RHB Aaron Stevens
|
0-0: Foul Ball, location: 2F 0-1: Foul Ball, location: 2F 0-2: Ball 1-2: Ground out 1-3 (Groundball, 15S)
|
Top of the 5th over - 0 run(s), 1 hit(s), 0 error(s), 1 left on base; Alabama 2 - Hartford 0 |
BOTTOM OF THE 5TH |
Hartford Darth Whalers batting - Pitching for Alabama Shakes : RHP Mario Machado
|
Batting: RHB Brad Ravenshaw
|
0-0: SINGLE (Line Drive, 6D)
|
Batting: RHB Ryan Thrippleton
|
0-0: Fly out, F8 (Flyball, 89M)
|
Batting: RHB Jonathan Holden
|
0-0: Ball 1-0: Ball 2-0: Called Strike 2-1: Grounds into double play, 6-4-3 (Groundball, 56)
|
Bottom of the 5th over - 0 run(s), 1 hit(s), 0 error(s), 0 left on base; Alabama 2 - Hartford 0 |
TOP OF THE 6TH |
Alabama Shakes batting - Pitching for Hartford Darth Whalers : RHP Carlos Bojórquez
|
Batting: SHB Artie Adams
|
0-0: Foul Ball, location: 2F 0-1: Ball 1-1: Ball 2-1: Ball 3-1: Fly out, F9 (Line Drive, 9S)
|
Batting: RHB Seth O'Toole
|
0-0: Called Strike 0-1: Foul Ball, location: 2F 0-2: Ball 1-2: Ball 2-2: Strikes out looking
|
Batting: RHB Joe Farrell
|
0-0: SOLO HOME RUN (Flyball, 7D), Distance : 401 ft
|
Batting: RHB Chris Barker
|
0-0: SINGLE (Line Drive, 9S)
|
Pitching: RHP Jesús Caballero
|
|
Batting: SHB Esteban Aliaga
|
0-0: Called Strike 0-1: Swinging Strike 0-2: SINGLE (Line Drive, 7S) Chris Barker to second
|
Batting: LHB Arthur Guzmán
|
0-0: TRIPLE (Groundball, 5L) Chris Barker scores Esteban Aliaga scores
|
Batting: RHB Michael Scott
|
0-0: Swinging Strike 0-1: Ball 1-1: Called Strike 1-2: Strikes out swinging
|
Top of the 6th over - 3 run(s), 4 hit(s), 0 error(s), 1 left on base; Alabama 5 - Hartford 0 |
BOTTOM OF THE 6TH |
Hartford Darth Whalers batting - Pitching for Alabama Shakes : RHP Mario Machado
|
Batting: RHB Chris Osborn
|
0-0: Called Strike 0-1: SINGLE (Groundball, 56) (infield hit)
|
Batting: LHB Jamie Walker
|
0-0: Called Strike 0-1: Foul Ball, location: 2F 0-2: Foul Ball, location: 2F 0-2: Ball Chris Osborn is caught stealing 2nd base 1-2: Strikes out swinging
|
Batting: LHB Bill Poe
|
0-0: Ball 1-0: Ball 2-0: Called Strike 2-1: Fly out, F7 (Flyball, 7S)
|
Bottom of the 6th over - 0 run(s), 1 hit(s), 0 error(s), 0 left on base; Alabama 5 - Hartford 0 |
TOP OF THE 7TH |
Alabama Shakes batting - Pitching for Hartford Darth Whalers : RHP Jesús Caballero
|
Batting: LHB Edgardo Molina
|
0-0: Hit by Pitch
|
Pinch Runner at 1st Dax Valdéz:
|
|
Batting: RHB Aaron Stevens
|
0-0: Ball 1-0: Ball 2-0: Fly out, F8 (Flyball, 8LM)
|
Batting: SHB Artie Adams
|
0-0: Fielders Choice at 2nd, 5-4 (Groundball, 5)
|
Batting: RHB Seth O'Toole
|
0-0: Ball 1-0: Called Strike 1-1: Ball 2-1: Fielders Choice at 2nd, 6-4 (Groundball, 6)
|
Top of the 7th over - 0 run(s), 0 hit(s), 0 error(s), 0 left on base; Alabama 5 - Hartford 0 |
BOTTOM OF THE 7TH |
Hartford Darth Whalers batting - Pitching for Alabama Shakes : RHP Mario Machado
|
Now in RF: Dax Valdéz
|
|
Batting: LHB Ryan Billman
|
0-0: Ball 1-0: Ground out 4-3 (Groundball, 4)
|
Batting: RHB Chester Mullins
|
0-0: Ball 1-0: Ball 2-0: Called Strike 2-1: Fly out, F2 (Popup, 2L)
|
Batting: RHB Ryan Williams
|
0-0: Ball 1-0: Ball 2-0: Ground out 6-3 (Groundball, 6)
|
Bottom of the 7th over - 0 run(s), 0 hit(s), 0 error(s), 0 left on base; Alabama 5 - Hartford 0 |
TOP OF THE 8TH |
Alabama Shakes batting - Pitching for Hartford Darth Whalers : RHP Jesús Caballero
|
Batting: RHB Joe Farrell
|
0-0: Called Strike 0-1: Ball 1-1: Called Strike 1-2: Ball 2-2: Ground out 5-3 (Groundball, 56)
|
Batting: RHB Chris Barker
|
0-0: Ball 1-0: Called Strike 1-1: Fly out, F6 (Popup, 6MS)
|
Batting: SHB Esteban Aliaga
|
0-0: Fly out, F7 (Flyball, 7LS)
|
Top of the 8th over - 0 run(s), 0 hit(s), 0 error(s), 0 left on base; Alabama 5 - Hartford 0 |
BOTTOM OF THE 8TH |
Hartford Darth Whalers batting - Pitching for Alabama Shakes : RHP Mario Machado
|
Batting: RHB Brad Ravenshaw
|
0-0: Ball 1-0: Fly out, F5 (Popup, 56)
|
Batting: RHB Ryan Thrippleton
|
0-0: Foul Ball, location: 2F 0-1: Called Strike 0-2: Ground out 6-3 (Groundball, 6)
|
Batting: RHB Jonathan Holden
|
0-0: Called Strike 0-1: Foul Ball, location: 2F 0-2: Ball 1-2: Ball 2-2: Foul Ball, location: 2F 2-2: Foul Ball, location: 2F 2-2: Strikes out swinging
|
Bottom of the 8th over - 0 run(s), 0 hit(s), 0 error(s), 0 left on base; Alabama 5 - Hartford 0 |
TOP OF THE 9TH |
Alabama Shakes batting - Pitching for Hartford Darth Whalers : RHP Jesús Caballero
|
Pitching: RHP Carlos Hernández
|
|
Batting: LHB Arthur Guzmán
|
0-0: Fly out, F7 (Line Drive, 7)
|
Batting: RHB Michael Scott
|
0-0: Foul Ball, location: 2F 0-1: Ball 1-1: Ball 2-1: Called Strike 2-2: Foul Ball, location: 2F 2-2: Hit by Pitch
|
Batting: LHB Dax Valdéz
|
0-0: Ball 1-0: Ball 2-0: Ball 3-0: Base on Balls Michael Scott to second
|
Batting: RHB Aaron Stevens
|
0-0: Foul Ball, location: 2F 0-1: Ball 1-1: Swinging Strike 1-2: Strikes out swinging
|
Batting: SHB Artie Adams
|
0-0: Reached on error, E6 (Groundball, 6) Michael Scott to third Dax Valdéz to second
|
Batting: RHB Seth O'Toole
|
0-0: SINGLE (Groundball, 6MD) Michael Scott scores Dax Valdéz to third Artie Adams to second Runner from 3rd tries for Home, SAFE, no throw
|
Batting: RHB Joe Farrell
|
0-0: Foul Ball, location: 2F 0-1: Fielders Choice at 2nd, 6-4 (Groundball, 6)
|
Top of the 9th over - 2 run(s), 1 hit(s), 1 error(s), 1 left on base; Alabama 7 - Hartford 0 |
BOTTOM OF THE 9TH |
Hartford Darth Whalers batting - Pitching for Alabama Shakes : RHP Mario Machado
|
Pitching: RHP Mike Stout
|
|
Now at 2B: Terry Lawrence
|
|
Batting: RHB Chris Osborn
|
0-0: Called Strike 0-1: Called Strike 0-2: Ball 1-2: Ball 2-2: Foul Ball, location: 2F 2-2: Foul Ball, location: 2F 2-2: Foul Ball, location: 2F 2-2: Strikes out swinging
|
Batting: LHB Jamie Walker
|
0-0: Called Strike 0-1: Ball 1-1: Called Strike 1-2: Ground out 4-3 (Groundball, 4)
|
Batting: LHB Bill Poe
|
0-0: Fly out, F8 (Flyball, 78D)
|
Bottom of the 9th over - 0 run(s), 0 hit(s), 0 error(s), 0 left on base; Alabama 7 - Hartford 0 |
|